 Dungeon Crawl Stone Soup version 0.25-a0-420-g1cc7eeb0d1 (webtiles) character file.

Game seed: 9926669528552795466, levelgen mode: deterministic

96226 tilp the Thaumaturge (level 16, -1/125 HPs)
             Began as a Gnoll Skald on Jan 18, 2020.
             Was the Champion of Cheibriados.
             Slain by a jumping spider (6 damage)
             ... on level 1 of the Spider Nest.
             The game lasted 01:33:12 (32763 turns).

tilp the Thaumaturge (Gnoll Skald)                 Turns: 32763, Time: 01:33:13

Health: -1/125     AC: 16    Str: 25    XL:     16   Next: 16%
Magic:  31/31      EV: 13    Int: 35    God:    Cheibriados [******]
Gold:   795        SH:  0    Dex: 32    Spells: 7/37 levels left

rFire    + + +     SeeInvis +   b - +7 great mace "Firestarter" {inner flame, rF++}
rCold    . . .     Gourm    .   (shield currently unavailable)
rNeg     + + .     Faith    +   K - +1 leather armour {rC+}
rPois    +         Spirit   .   d - +1 helmet of Anarchy {rN+}
rElec    +         Reflect  .   P - +2 ratskin cloak {+Rats rPois rN+ Str-1 Int-1 Dex+1}
rCorr    .         Harm     .   y - +1 pair of gloves
MR       ++...                  O - +1 pair of boots
Stlth    ++........             L - amulet of faith
HPRegen  0.30/turn              h - ring of protection from magic
MPRegen  0.22/turn              n - ring "Wixzic" {Fire rPois Str-3 Slay+3 SInv}

@: confused, held, very slow
A: distributed training, fangs 2, see invisible, electricity resistance,
evolution 1, strong nose
a: Bend Time, Temporal Distortion, Slouch, Step From Time, Renounce Religion,
Evoke Ratskin


You were on level 1 of the Spider Nest.
You worshipped Cheibriados.
Cheibriados was exalted by your worship.
You were not hungry.

You visited 5 branches of the dungeon, and saw 25 of its levels.

You collected 2638 gold pieces.
You spent 1843 gold pieces at shops.

Inventory:

Hand Weapons
 a - a +5 eveningstar
 b - the +7 great mace "Firestarter" (weapon) {inner flame, rF++}
   (You took it off a fire giant on level 12 of the Dungeon)

   It has been specially enchanted to burn those struck by it, causing extra
   injury to most foes and up to half again as much damage against particularly
   susceptible opponents.
   It greatly protects you from fire.
Missiles
 o - 10 silver javelins
 q - 6 javelins
 s - 38 poisoned darts (quivered)
 Z - 5 throwing nets
Armour
 d - the +1 helmet of Anarchy (worn) {rN+}
   (You bought it in a shop on level 2 of the Orcish Mines)

   It protects you from negative energy.
 u - a +0 shield
 y - a +1 pair of gloves (worn)
 K - a +1 leather armour of cold resistance (worn)
 O - a +1 pair of boots (worn)
 P - the +2 ratskin cloak (worn) {+Rats rPois rN+ Str-1 Int-1 Dex+1}
   (You found it on level 7 of the Dungeon)

   It affects your strength (-1).
   It affects your intelligence (-1).
   It affects your dexterity (+1).
   It protects you from poison.
   It protects you from negative energy.
 U - a +1 leather armour of fire resistance
Jewellery
 h - a ring of protection from magic (left hand)
 n - the ring "Wixzic" (right hand) {Fire rPois Str-3 Slay+3 SInv}
   (You took it off a vampire on level 12 of the Dungeon)

   [ring of fire]

   It enhances your fire magic.
   It affects your strength (-3).
   It affects your accuracy and damage with ranged weapons and melee attacks
   (+3).
   It protects you from fire.
   It makes you vulnerable to cold.
   It protects you from poison.
   It lets you see invisible.
 J - an uncursed ring of fire
 L - an amulet of faith (around neck)
 Y - an uncursed ring of positive energy
Wands
 k - a wand of acid (9)
 t - a wand of flame (14)
 A - a wand of disintegration (11)
 C - a wand of polymorph (7)
 F - a wand of iceblast (33)
 W - a wand of clouds (3)
Scrolls
 e - 2 scrolls of identify
 g - a scroll of fear
 i - 15 scrolls of remove curse
 m - 5 scrolls of fog
 r - 8 scrolls of amnesia
 v - a scroll of summoning {unknown}
 x - a scroll of immolation {unknown}
 E - a scroll of brand weapon {unknown}
 H - 2 scrolls of magic mapping
 I - a scroll of acquirement {unknown}
 R - 3 scrolls of blinking
 T - 7 scrolls of teleportation
 V - a scroll of random uselessness {unknown}
Potions
 f - 3 potions of brilliance
 j - 2 potions of haste {unknown}
 l - 4 potions of invisibility
 p - 4 potions of agility
 w - 5 potions of curing
 z - 4 potions of magic
 B - 4 potions of flight
 D - 2 potions of ambrosia {unknown}
 G - 5 potions of might
 M - 3 potions of lignification
 N - 2 potions of heal wounds
 Q - 2 potions of resistance {unknown}
 S - a potion of cancellation {unknown}
 X - a potion of berserk rage {unknown}
Comestibles
 c - 28 rations


   Skills:
 + Level 11.3 Fighting
 + Level 10.4 Short Blades
 + Level 11.3 Long Blades
 + Level 10.4 Axes
 + Level 10.4 Maces & Flails
 + Level 10.4 Polearms
 + Level 10.4 Staves
 + Level 10.4 Slings
 + Level 10.4 Bows
 + Level 10.4 Crossbows
 + Level 10.4 Throwing
 + Level 10.7 Armour
 + Level 11.3 Dodging
 + Level 10.4 Stealth
 + Level 10.4 Shields
 + Level 10.4 Unarmed Combat
 + Level 11.4 Spellcasting
 + Level 8.8 Conjurations
 + Level 8.8 Hexes
 + Level 10.3 Charms
 + Level 8.8 Summonings
 + Level 8.8 Necromancy
 + Level 8.8 Translocations
 + Level 8.8 Transmutations
 + Level 8.8 Fire Magic
 + Level 8.8 Ice Magic
 + Level 8.8 Air Magic
 + Level 8.8 Earth Magic
 + Level 8.8 Poison Magic
 + Level 11.3 Invocations
 + Level 10.4 Evocations


You had 7 spell levels left.
You knew the following spells:

 Your Spells              Type           Power        Failure   Level  Hunger
a - Infusion              Chrm           ####         1%          1    None
b - Song of Slaying       Chrm           #######.     1%          2    None
c - Shroud of Golubria    Chrm/Tloc      ######       1%          2    None
d - Ozocubu's Armour      Chrm/Ice       ######..     1%          3    None
e - Spectral Weapon       Hex/Chrm       ######..     1%          3    None
f - Blink                 Tloc           N/A          1%          2    None
g - Mephitic Cloud        Conj/Pois/Air  ######..     1%          3    None
h - Borgnjor's Vile Clut  Necr/Erth      ######....   1%          5    None
i - Fireball              Conj/Fire      #######...   1%          5    None
j - Sticky Flame          Conj/Fire      #######.     1%          4    None

Your spell library contained the following spells:

 Spells                   Type           Power        Failure   Level  Hunger
 Foxfire                  Conj/Fire      ####         1%          1    None
 Magic Dart               Conj           ####         1%          1    None
 Call Imp                 Summ           ######..     1%          2    None
 Corpse Rot               Necr/Air       N/A          1%          2    None
 Slow                     Hex            ######..     1%          2    None
 Sublimation of Blood     Necr           ######....   1%          2    None
 Conjure Flame            Conj/Fire      #######.     1%          3    None
 Inner Flame              Hex/Fire       #######.     1%          3    None
 Recall                   Summ/Tloc      N/A          1%          3    None
 Animate Dead             Necr           N/A          1%          4    None
 Dispel Undead            Necr           ######..     1%          4    None
 Agony                    Necr           ######..     1%          5    None
 Excruciating Wounds      Chrm/Necr      ######....   1%          5    None
 Death Channel            Necr           ######....   10%         6    ####...
 Simulacrum               Ice/Necr       ######....   10%         6    ####...


Dungeon Overview and Level Annotations

Branches:
Dungeon (15/15)            Temple (1/1) D:6            Lair (6/6) D:8
 Shoals (0/4) Lair:2       Spider (1/4) Lair:3        Slime (0/5) Lair:5
    Orc (2/2) D:11            Elf (0/3) Orc:2        Vaults (0/5) D:14
 Depths (0/5) D:15

Altars:
Ashenzari
Cheibriados
Dithmenos
Elyvilon
Fedhas
Gozag
Hepliaklqana
Kikubaaqudgha
Makhleb
Nemelex Xobeh
Okawaru
Qazlal
Ru
Sif Muna
Trog
Uskayaw
Vehumet
Wu Jian
Xom
Yredelemnul
Zin
The Shining One
Beogh
Jiyva

Shops:
D:6 !   D:9 *   D:12 *   Orc:2 ::[!

Annotations:
Lair:2 2 transporters, bmj180's ghost, journeyman TrBe


Innate Abilities, Weirdness & Mutations

Your experience applies equally to all skills.
You have extremely sharp teeth.
Your uncanny sense of smell can sniff out nearby items.
You have supernaturally acute eyesight. (SInv)
You are resistant to electric shocks. (rElec)
You evolve.


Message History

The jumping spider leaps!
The tarantella misses you.
The orb spider weaves a glowing orb of energy.
A redback comes into view.
The tarantella bites you but does no damage.
The jumping spider completely misses you. x2
The jumping spider leaps!
The tarantella misses you.
An orb of destruction comes into view.
The jumping spider pounces on you.
* * * LOW HITPOINT WARNING * * *
You are caught in a web!
The jumping spider barely misses you. The tarantella bites you!
* * * LOW HITPOINT WARNING * * *
You are confused.
The orb of destruction hits you!!
* * * LOW HITPOINT WARNING * * *
The jumping spider misses you. The jumping spider bites you.
* * * LOW HITPOINT WARNING * * *
The tarantella bites you but does no damage.
The jumping spider pounces on you.
You die...

#.####.#.......##
##......... #.#
#.......##.#
#..####.##. .##
#......###.###....#
.#
#....#####.....%..#
## #...##
##....%...####. #
###.
###.............. #
##...........#..^.
^### #........§.)##
#.. #..#
..%...s@○§.(# .
.....#
......s○§#.(#
......
......○§####(.#
.....# ###..°s##
##.. .^...# #..#. .
#### #.... ∆ #
...... .. s..s...
#.# .......


You could see an orb spider, a jumping spider, a tarantella and a redback
(wandering).

Vanquished Creatures
  Gastronok (Lair:2)
  A fire giant (D:12)
  Louise (Spider:1)
  An orc warlord (Orc:1)
  An ettin (D:15)
  5 ogre magi
  A great orb of eyes (D:14)
  7 hydras
  2 fire dragons
  A vault guard (D:14)
  A rakshasa (D:14)
  Harold (D:10)
  5 centaur warriors
  5 two-headed ogres
  3 tengu warriors (D:15)
  2 death knights
  The ghost of Guilu the Carver, a novice BaFi of Cheibriados (D:8)
  3 death yaks (D:8)
  A fire crab (shapeshifter) (D:15)
  Nergalle (Orc:2)
  2 unseen horrors (D:13)
  2 deep elf magi
  A lindwurm (Lair:6)
  6 orc knights
  An orb spider (Spider:1)
  8 orc sorcerers
  4 oklob plants (Lair:6)
  2 wolf spiders
  4 cyclopes
  An ugly thing (D:9)
  4 black mambas (Lair:6)
  4 elephants
  2 centaur zombies (D:11)
  An eye of devastation (shapeshifter) (D:15)
  3 molten gargoyles (Lair:6)
  A gargoyle (D:13)
  15 spiny frogs
  3 freezing wraiths (D:15)
  A demonic crawler (Spider:1)
  The ghost of bmfx the Skirmisher, an amateur OgWr (D:5)
  An efreet (D:13)
  10 komodo dragons
  4 rime drakes
  6 trolls
  3 tengu conjurers
  2 polar bears
  A meliai (shapeshifter) (D:15)
  A queen bee (D:8)
  6 jumping spiders
  14 blink frogs
  A dream sheep (shapeshifter) (D:14)
  A hornet (D:9)
  Prince Ribbit (Lair:2)
  A hippogriff (shapeshifter) (D:15)
  A meliai zombie (D:14)
  A harpy skeleton (D:15)
  13 hippogriffs
  A snapping turtle (Lair:2)
  Sigmund (D:2)
  8 redbacks
  9 wyverns
  Eustachio (D:6)
  2 wraiths
  2 vampires
  6 basilisks
  6 fire bats (D:12)
  A tarantella (Spider:1)
  33 yaks
  A hungry ghost (D:11)
  5 wargs
  2 steam dragons
  3 vampire mosquitoes (D:15)
  2 acid dragons
  11 water moccasins
  4 hell hounds (Lair:6)
  30 orc warriors
  5 porcupines
  7 ice beasts
  2 phantoms
  An eye of draining (D:11)
  5 centaurs
  A black bear (D:6)
  5 wolves (Lair:6)
  16 ogres
  15 crocodiles
  3 big kobolds
  17 bullfrogs
  A gnoll sergeant (D:13)
  A wyvern skeleton (D:12)
  3 scorpions
  27 killer bees
  3 wights (D:6)
  4 electric eels
  3 howler monkeys
  6 crimson imps
  5 lava snakes (Lair:6)
  2 bullfrog zombies
  5 quasits
  3 jellies
  4 hounds
  Crazy Yiuf (D:7)
  18 orc priests
  5 centaur skeletons
  44 orc wizards
  2 bullfrog skeletons
  5 iguanas
  2 hell rats (D:7)
  10 worker ants
  3 hound zombies
  7 gnolls
  11 adders
  9 river rats
  2 shadow imps
  An ooze (D:4)
  2 adder skeletons
  4 worms
  4 dart slugs
  8 leopard geckos
  123 orcs
  A ball python (D:7)
  4 bats
  3 giant cockroaches
  7 goblins
  5 hobgoblins
  18 jackals
  26 kobolds
  7 quokkas
  A ball python zombie (D:4)
  4 frilled lizards
  2 leopard gecko skeletons
  4 quokka skeletons
  19 rats
  A spectral orc (D:2)
  2 spectral weapons
814 creatures vanquished.

Vanquished Creatures (collateral kills)
  Urug (Lair:5)
1 creature vanquished.

Vanquished Creatures (others)
  An orc wizard (Orc:2)
  7 fungi
  8 plants
  8 spectral weapons
24 creatures vanquished.

Grand Total: 839 creatures vanquished

Notes
Turn   | Place    | Note
-------+----------+-------------------------------------------
     0 | D:1      | tilp the Gnoll Skald began the quest for the Orb.
     0 | D:1      | Reached XP level 1. HP: 20/20 MP: 6/6
    64 | D:1      | Reached XP level 2. HP: 21/26 MP: 1/7
    68 | D:1      | Learned a level 2 spell: Song of Slaying
    71 | D:1      | Learned a level 2 spell: Shroud of Golubria
   471 | D:1      | Reached XP level 3. HP: 31/31 MP: 9/9
   476 | D:1      | Learned a level 3 spell: Ozocubu's Armour
   480 | D:1      | Learned a level 3 spell: Spectral Weapon
   579 | D:1      | Reached skill level 5 in Spellcasting
   893 | D:2      | Reached skill level 1 in Invocations
  1293 | D:2      | Reached skill level 1 in Short Blades
  1293 | D:2      | Reached skill level 1 in Axes
  1293 | D:2      | Reached skill level 1 in Maces & Flails
  1293 | D:2      | Reached skill level 1 in Polearms
  1293 | D:2      | Reached skill level 1 in Staves
  1293 | D:2      | Reached skill level 1 in Slings
  1293 | D:2      | Reached skill level 1 in Bows
  1293 | D:2      | Reached skill level 1 in Crossbows
  1293 | D:2      | Reached skill level 1 in Throwing
  1293 | D:2      | Reached skill level 1 in Stealth
  1293 | D:2      | Reached skill level 1 in Shields
  1293 | D:2      | Reached skill level 1 in Unarmed Combat
  1293 | D:2      | Reached skill level 1 in Evocations
  1371 | D:2      | Found a radiant altar of Vehumet.
  1371 | D:2      | Found a shimmering altar of Xom.
  1440 | D:2      | Noticed Sigmund
  1510 | D:2      | Found a basalt altar of Yredelemnul.
  1546 | D:2      | Reached XP level 4. HP: 38/38 MP: 11/11
  1936 | D:3      | Reached skill level 1 in Conjurations
  1936 | D:3      | Reached skill level 1 in Hexes
  1936 | D:3      | Reached skill level 1 in Summonings
  1936 | D:3      | Reached skill level 1 in Necromancy
  1936 | D:3      | Reached skill level 1 in Translocations
  1936 | D:3      | Reached skill level 1 in Transmutations
  1936 | D:3      | Reached skill level 1 in Fire Magic
  1936 | D:3      | Reached skill level 1 in Ice Magic
  1936 | D:3      | Reached skill level 1 in Air Magic
  1936 | D:3      | Reached skill level 1 in Earth Magic
  1936 | D:3      | Reached skill level 1 in Poison Magic
  2092 | D:3      | Reached XP level 5. HP: 43/43 MP: 5/12
  2695 | D:3      | Reached XP level 6. HP: 37/50 MP: 13/13
  2989 | D:4      | Got an ichor-stained mace
  3139 | D:4      | Found a glowing golden altar of the Shining One.
  3160 | D:4      | Reached skill level 5 in Fighting
  3160 | D:4      | Reached skill level 5 in Long Blades
  3160 | D:4      | Reached skill level 5 in Dodging
  3768 | D:4      | Identified the +5 mace "Aneocoje" {protect, +Fly rPois rC-
                  | Int+2} (You found it on level 4 of the Dungeon)
  3811 | D:5      | Entered Level 5 of the Dungeon
  3811 | D:5      | Noticed an ice beast
  3821 | D:5      | Killed an ice beast
  3821 | D:5      | Reached XP level 7. HP: 41/56 MP: 9/15
  3918 | D:5      | Gained mutation: You tend to lose your temper in combat.
                  | [potion of mutation]
  3918 | D:5      | Gained mutation: Your spells are a little harder to cast,
                  | but a little more powerful. [potion of mutation]
  3918 | D:5      | Gained mutation: Your mind is acute. (Int +2) [potion of
                  | mutation]
  3924 | D:4      | Lost mutation: Your spells are a little harder to cast, but
                  | a little more powerful. [potion of mutation]
  3924 | D:4      | Lost mutation: Your mind is acute. (Int +2) [potion of
                  | mutation]
  3924 | D:4      | Lost mutation: You tend to lose your temper in combat.
                  | [potion of mutation]
  3924 | D:4      | Gained mutation: Your spells are a little easier to cast,
                  | but a little less powerful. [potion of mutation]
  3924 | D:4      | Gained mutation: Your body sometimes deteriorates upon
                  | taking damage. [potion of mutation]
  3924 | D:4      | Gained mutation: You are robust. (+10% HP) [potion of
                  | mutation]
  3924 | D:4      | Gained mutation: You have extremely sharp teeth. [potion of
                  | mutation]
  4330 | D:5      | Found a runed translucent gate.
  4330 | D:5      | Found a runed translucent gate.
  4351 | D:5      | Reached XP level 8. HP: 69/69 MP: 10/16
  4376 | D:5      | Found a runed translucent gate.
  5020 | D:5      | Noticed bmfx's ghost (amateur OgWr)
  5040 | D:6      | Found a staircase to the Ecumenical Temple.
  5113 | Temple   | Entered the Ecumenical Temple
  5351 | D:6      | Noticed Eustachio
  5395 | D:6      | Killed Eustachio
  5440 | D:6      | Found a glowing silver altar of Zin.
  5466 | D:6      | Found a blossoming altar of Fedhas.
  5490 | D:6      | Reached XP level 9. HP: 71/75 MP: 18/18
  5648 | D:6      | Found Qemeleb's Distillery.
  5651 | D:6      | Bought a potion of heal wounds for 60 gold pieces
  5651 | D:6      | Bought a potion of degeneration for 12 gold pieces
  5651 | D:6      | Bought a potion of curing for 36 gold pieces
  6094 | D:6      | Found a white marble altar of Elyvilon.
  6299 | D:6      | Reached skill level 5 in Armour
  6763 | D:7      | Reached skill level 5 in Invocations
  7300 | D:7      | Found the +2 ratskin cloak {+Rats rPois rN+ Str-1 Int-1
                  | Dex+1}
  7406 | D:7      | Found a sacrificial altar of Ru.
  7526 | D:7      | Found a runed translucent door.
  7527 | D:7      | Noticed Crazy Yiuf
  7573 | D:7      | Reached XP level 10. HP: 84/84 MP: 20/20
  7857 | D:2      | Killed Sigmund
  8035 | D:8      | Found a staircase to the Lair.
  8035 | D:8      | Noticed a death yak
  8275 | D:8      | Reached skill level 5 in Short Blades
  8275 | D:8      | Reached skill level 5 in Axes
  8275 | D:8      | Reached skill level 5 in Maces & Flails
  8275 | D:8      | Reached skill level 5 in Polearms
  8275 | D:8      | Reached skill level 5 in Staves
  8275 | D:8      | Reached skill level 5 in Slings
  8275 | D:8      | Reached skill level 5 in Bows
  8275 | D:8      | Reached skill level 5 in Crossbows
  8275 | D:8      | Reached skill level 5 in Throwing
  8275 | D:8      | Reached skill level 5 in Stealth
  8275 | D:8      | Reached skill level 5 in Shields
  8275 | D:8      | Reached skill level 5 in Unarmed Combat
  8275 | D:8      | Reached skill level 5 in Evocations
  8722 | D:8      | Noticed a death yak
  8840 | D:8      | Noticed a death yak
  8944 | D:8      | Found a transporter.
  9094 | D:8      | Found a roughly hewn altar of Beogh.
  9370 | D:8      | Found a snail-covered altar of Cheibriados.
  9396 | D:8      | Found a transporter.
  9399 | D:8      | Noticed Guilu's ghost (novice BaFi)
  9463 | D:8      | Became a worshipper of Cheibriados the Contemplative
  9537 | D:8      | Killed a death yak
  9562 | D:8      | HP: 2/86 [death yak (15)]
  9565 | D:8      | Killed a death yak
  9751 | D:8      | Killed a death yak
 10069 | D:8      | Reached XP level 11. HP: 68/92 MP: 22/22
 10442 | D:9      | Found Qeblesatash's Assorted Antiques.
 10492 | D:9      | Reached * piety under Cheibriados
 10525 | D:9      | Found a hazy altar of Hepliaklqana.
 10584 | D:9      | Noticed a two-headed ogre
 10671 | D:9      | Noticed a two-headed ogre
 10687 | D:9      | Killed a two-headed ogre
 11001 | D:9      | Killed a two-headed ogre
 11001 | D:9      | Reached skill level 5 in Conjurations
 11001 | D:9      | Reached skill level 5 in Hexes
 11001 | D:9      | Reached skill level 5 in Summonings
 11001 | D:9      | Reached skill level 5 in Necromancy
 11001 | D:9      | Reached skill level 5 in Translocations
 11001 | D:9      | Reached skill level 5 in Transmutations
 11001 | D:9      | Reached skill level 5 in Fire Magic
 11001 | D:9      | Reached skill level 5 in Ice Magic
 11001 | D:9      | Reached skill level 5 in Air Magic
 11001 | D:9      | Reached skill level 5 in Earth Magic
 11001 | D:9      | Reached skill level 5 in Poison Magic
 11054 | D:9      | Noticed a brown ugly thing
 11066 | D:9      | Killed a brown ugly thing
 11340 | D:10     | Entered Level 10 of the Dungeon
 11378 | D:10     | Reached ** piety under Cheibriados
 11938 | D:10     | Noticed Harold
 11942 | D:10     | Reached *** piety under Cheibriados
 11948 | D:10     | Killed Harold
 12664 | D:11     | Noticed an orc knight
 12667 | D:11     | Reached **** piety under Cheibriados
 13374 | D:11     | Killed an orc knight
 13374 | D:11     | Reached XP level 12. HP: 102/102 MP: 12/24
 13841 | D:11     | Noticed a five-headed hydra
 13855 | D:11     | Killed a five-headed hydra
 14589 | D:11     | Found a staircase to the Orcish Mines.
 14874 | Lair:1   | Entered Level 1 of the Lair of Beasts
 14907 | Lair:1   | Noticed a five-headed hydra
 14956 | Lair:1   | Killed a five-headed hydra
 15144 | Lair:1   | Got a jacinth-encrusted ring mail
 15153 | Lair:1   | Reached ***** piety under Cheibriados
 16175 | Lair:1   | Noticed a five-headed hydra
 16186 | Lair:1   | Killed a five-headed hydra
 16485 | Lair:2   | Found a transporter.
 16489 | Lair:2   | Noticed bmj180's ghost (journeyman TrBe)
 16506 | Lair:2   | Found a transporter.
 16653 | Lair:2   | Lost mutation: You are robust. (+10% HP) [potion of
                  | mutation]
 16653 | Lair:2   | Lost mutation: Your body sometimes deteriorates upon taking
                  | damage. [potion of mutation]
 16653 | Lair:2   | Lost mutation: Your spells are a little easier to cast, but
                  | a little less powerful. [potion of mutation]
 16653 | Lair:2   | Gained mutation: Armour fits poorly on your strangely
                  | shaped body. [potion of mutation]
 16653 | Lair:2   | Gained mutation: You have a pair of small antennae on your
                  | head. [potion of mutation]
 16710 | Lair:2   | Noticed Prince Ribbit
 16742 | Lair:2   | Noticed Gastronok
 16743 | Lair:2   | Killed Prince Ribbit
 17007 | Lair:2   | Reached XP level 13. HP: 101/101 MP: 26/26
 17556 | Lair:2   | Killed Gastronok
 17812 | Lair:2   | Found a staircase to the Shoals.
 19460 | Lair:3   | Found a hole to the Spider Nest.
 20023 | Lair:4   | Identified the +0 ring mail "Ruodul" {rPois Regen+ Int+2}
                  | (You found it on level 1 of the Lair of Beasts)
 20759 | Lair:5   | Noticed Urug
 20778 | Lair:5   | Killed Urug
 21086 | Lair:5   | Found a viscous altar of Jiyva.
 21087 | Lair:5   | Found a staircase to the Slime Pits.
 21113 | Lair:6   | Entered Level 6 of the Lair of Beasts
 21229 | Lair:6   | Reached skill level 10 in Spellcasting
 21245 | Lair:6   | Reached XP level 14. HP: 68/109 MP: 23/28
 21449 | Lair:6   | Reached ****** piety under Cheibriados
 21856 | Lair:6   | Reached skill level 10 in Fighting
 21856 | Lair:6   | Reached skill level 10 in Long Blades
 21856 | Lair:6   | Reached skill level 10 in Dodging
 22623 | Lair:6   | Found a large runed translucent door.
 22624 | Lair:6   | Found a large runed translucent door.
 23467 | D:5      | Killed bmfx's ghost
 23571 | D:7      | Killed Crazy Yiuf
 23657 | D:8      | Killed Guilu's ghost
 23925 | Orc:1    | Entered Level 1 of the Orcish Mines
 23932 | Orc:1    | Reached skill level 10 in Invocations
 24378 | Orc:2    | Entered Level 2 of the Orcish Mines
 25049 | Orc:1    | Noticed an orc warlord
 25056 | Orc:1    | Killed an orc warlord
 25640 | Orc:2    | Found a staircase to the Elven Halls.
 25898 | Orc:2    | Found Jadek's Distillery.
 25969 | Orc:2    | Found an ancient bone altar of Kikubaaqudgha.
 25970 | Orc:2    | Noticed Nergalle
 25981 | Orc:2    | Killed Nergalle
 25986 | Orc:2    | Found Ceumal's Antique Armour Emporium.
 25990 | Orc:2    | Reached XP level 15. HP: 66/117 MP: 25/29
 26174 | Orc:2    | Found a radiant altar of Vehumet.
 26207 | Orc:2    | Found a roughly hewn altar of Beogh.
 26241 | Orc:2    | Found Ockakhley's Book Shoppe.
 26246 | Orc:2    | Found Niuzablu's Book Shoppe.
 26518 | Orc:2    | Bought a book of Unlife for 845 gold pieces
 26554 | Orc:2    | Bought a potion of might for 44 gold pieces
 26554 | Orc:2    | Bought a potion of might for 44 gold pieces
 26554 | Orc:2    | Bought a potion of mutation for 88 gold pieces
 26554 | Orc:2    | Bought a potion of mutation for 88 gold pieces
 26554 | Orc:2    | Bought a potion of heal wounds for 55 gold pieces
 26554 | Orc:2    | Bought a potion of lignification for 33 gold pieces
 26554 | Orc:2    | Lost mutation: Armour fits poorly on your strangely shaped
                  | body. [potion of mutation]
 26554 | Orc:2    | Gained mutation: You tend to lose your temper in combat.
                  | [potion of mutation]
 26554 | Orc:2    | Gained mutation: Your flesh is heat resistant. (rF+)
                  | [potion of mutation]
 26555 | Orc:2    | Lost mutation: Your flesh is heat resistant. (rF+) [potion
                  | of mutation]
 26555 | Orc:2    | Lost mutation: You tend to lose your temper in combat.
                  | [potion of mutation]
 26555 | Orc:2    | Lost mutation: You have a pair of small antennae on your
                  | head. [potion of mutation]
 26555 | Orc:2    | Gained mutation: You evolve. [potion of mutation]
 26555 | Orc:2    | Gained mutation: You have supernaturally acute eyesight.
                  | (SInv) [potion of mutation]
 26579 | Orc:2    | Bought an ichor-stained helmet for 218 gold pieces
 26595 | Orc:2    | Bought a book of Minor Magic for 320 gold pieces
 26598 | Orc:2    | Learned a level 2 spell: Blink
 26602 | Orc:2    | Learned a level 3 spell: Mephitic Cloud
 26608 | Orc:2    | Learned a level 5 spell: Borgnjor's Vile Clutch
 26626 | Orc:2    | Gained mutation: You are resistant to electric shocks.
                  | (rElec) [evolution]
 26738 | D:12     | Noticed a fire giant
 26743 | D:12     | Reached skill level 10 in Armour
 26835 | D:12     | Killed a fire giant
 27017 | D:12     | Identified the ring "Wixzic" {Fire rPois Str-3 Slay+3 SInv}
 27036 | D:12     | Found Foxkik's Blood Bar.
 27242 | D:12     | Learned a level 5 spell: Fireball
 27247 | D:12     | Learned a level 4 spell: Sticky Flame
 27275 | D:12     | Found an opulent altar of Gozag.
 29020 | D:14     | Reached skill level 10 in Charms
 29179 | D:14     | Identified the +1 helmet of Anarchy {rN+} (You bought it in
                  | a shop on level 2 of the Orcish Mines)
 29461 | D:14     | Reached skill level 10 in Short Blades
 29461 | D:14     | Reached skill level 10 in Axes
 29461 | D:14     | Reached skill level 10 in Maces & Flails
 29461 | D:14     | Reached skill level 10 in Polearms
 29461 | D:14     | Reached skill level 10 in Staves
 29461 | D:14     | Reached skill level 10 in Slings
 29461 | D:14     | Reached skill level 10 in Bows
 29461 | D:14     | Reached skill level 10 in Crossbows
 29461 | D:14     | Reached skill level 10 in Throwing
 29461 | D:14     | Reached skill level 10 in Stealth
 29461 | D:14     | Reached skill level 10 in Shields
 29461 | D:14     | Reached skill level 10 in Unarmed Combat
 29461 | D:14     | Reached skill level 10 in Evocations
 29916 | D:14     | Found a gate to the Vaults.
 29971 | D:15     | Entered Level 15 of the Dungeon
 31591 | D:15     | Found a staircase to the Depths.
 31614 | D:15     | Reached XP level 16. HP: 121/125 MP: 31/31
 32256 | Spider:1 | Entered Level 1 of the Spider Nest
 32735 | Spider:1 | Noticed Louise
 32748 | Spider:1 | Killed Louise
 32763 | Spider:1 | HP: 5/125 [jumping spider (3)]
 32763 | Spider:1 | Slain by a jumping spider

Levels and vault maps discovered:
D:1:      minmay_arrival_cross, layout_basic
D:2:      layout_loops_cross, amethyst_overflow_temple_binary,
          yredelemnul_forgotten_temple_becter, first_ration,
          serial_bayou_pond_c, uniq_sigmund
D:3:      layout_basic
D:4:      minmay_chambers_of_threes, layout_rooms, kennysheep_mini
D:5:      layout_rooms, ebering_ghost_rock_garden
D:6:      layout_basic, fedhas_altar_2, nicolae_overflow_hidden_temple,
          lemuel_doored_altar, minmay_temple_entry_mist, serial_shops,
          nicolae_shop_behind_doors, serial_bayou_pond_b, uniq_eustachio
D:7:      wander_guarded_unrand_ratskin, layout_rooms, kennysheep_little_box,
          uniq_crazy_yiuf_cottage
D:8:      layout_loops_ring, cheibriados_altar_1, dpeg_lair_monsters,
          special_room [special_room_orc], gammafunk_ghost_stat_death,
          david_nohive_1
D:9:      wander_river, layout_gridville, lemuel_coloured_pillars_altar,
          serial_shops, shop
D:10:     layout_loops_ring, uniq_harold
D:11:     layout_small_grid, erik_orc_2
D:12:     minmay_firetagon, layout_small_grid, basic_altar, guppyfry_shop_blood
D:13:     layout_basic
D:14:     layout_basic, david_vaults_5, patterned_corridor
D:15:     hangedman_depths_entry_civil_slaughter, layout_loops_ring,
          minmay_misc_feat_columns
Temple:   minmay_temple_bridge_abc
Lair:1:   layout_cave_pods, hangedman_lair_generics_rect, serial_bayou_shore_b,
          grunt_megastairs_4, infiniplex_staircase_pool_2
Lair:2:   layout_roguey, minmay_shoals_entry_hut,
          gammafunk_ghost_berserking_beasts, beast_lair_carwin_5,
          uniq_prince_ribbit2, uniq_gastronok
Lair:3:   layout_chaotic_city, spider_nest_entry_funnel_web, serial_bayou_ford_a
Lair:4:   layout_cave_pods, serial_bayou_pond_b
Lair:5:   layout_hall_layers, dpeg_slime_entry_enclosed_altar, uniq_urug
Lair:6:   cheibrodos_lair_end_hotspot, layout_long_grid, serial_bayou_pond_c,
          minmay_lair_oklob_chamber
Spider:1: layout_chambers, drop_trap, uniq_louise
Orc:1:    layout_caves
Orc:2:    kennysheep_orc_mage_school, layout_diamond_mine

Skill      XL: |  1  2  3  4  5  6  7  8  9 10 11 12 13 14 15 |
---------------+----------------------------------------------+-----
Spellcasting   | 5 6 7 8 9 10 11 | 11.4
Invocations    | 1 2 3 4 5 6 7 8 9 10 11 | 11.3
Short Blades   | 1 2 3 4 5 6 7 8 9 10 | 10.4
Axes           | 1 2 3 4 5 6 7 8 9 10 | 10.4
Maces & Flails | 1 2 3 4 5 6 7 8 9 10 | 10.4
Polearms       | 1 2 3 4 5 6 7 8 9 10 | 10.4
Staves         | 1 2 3 4 5 6 7 8 9 10 | 10.4
Slings         | 1 2 3 4 5 6 7 8 9 10 | 10.4
Bows           | 1 2 3 4 5 6 7 8 9 10 | 10.4
Crossbows      | 1 2 3 4 5 6 7 8 9 10 | 10.4
Throwing       | 1 2 3 4 5 6 7 8 9 10 | 10.4
Stealth        | 1 2 3 4 5 6 7 8 9 10 | 10.4
Shields        | 1 2 3 4 5 6 7 8 9 10 | 10.4
Unarmed Combat | 1 2 3 4 5 6 7 8 9 10 | 10.4
Evocations     | 1 2 3 4 5 6 7 8 9 10 | 10.4
Conjurations   | 1 2 3 4 5 6 7 8 |  8.8
Hexes          | 1 2 3 4 5 6 7 8 |  8.8
Summonings     | 1 2 3 4 5 6 7 8 |  8.8
Necromancy     | 1 2 3 4 5 6 7 8 |  8.8
Translocations | 1 2 3 4 5 6 7 8 |  8.8
Transmutations | 1 2 3 4 5 6 7 8 |  8.8
Fire Magic     | 1 2 3 4 5 6 7 8 |  8.8
Ice Magic      | 1 2 3 4 5 6 7 8 |  8.8
Air Magic      | 1 2 3 4 5 6 7 8 |  8.8
Earth Magic    | 1 2 3 4 5 6 7 8 |  8.8
Poison Magic   | 1 2 3 4 5 6 7 8 |  8.8
Armour         | 3 4 5 6 7 8 9 10 | 10.7
Fighting       | 5 6 7 8 9 10 11 | 11.3
Long Blades    | 5 6 7 8 9 10 11 | 11.3
Dodging        | 5 6 7 8 9 10 11 | 11.3
Charms         | 6 7 8 9 10 | 10.3

Action                   |  1- 3 |  4- 6 |  7- 9 | 10-12 | 13-15 | 16-18 || total
-------------------------+-------+-------+-------+-------+-------+-------++-------
Melee: Falchion          |    98 |   140 |       |       |       |       ||   238
       Bite              |     8 |    11 |    30 |   123 |   202 |     7 ||   381
       Punch             |       |     1 |     8 |    43 |    17 |       ||    69
       Mace              |       |       |   360 |   790 |   256 |       ||  1406
       Eveningstar       |       |       |       |       |   442 |       ||   442
       Great mace        |       |       |       |       |   198 |    34 ||   232
Throw: Boomerang         |     1 |     8 |    26 |    20 |       |       ||    55
       Dart              |       |       |       |   100 |    82 |     5 ||   187
 Cast: Infusion          |     2 |       |     1 |     1 |     2 |       ||     6
       Song of Slaying   |     1 |     4 |    10 |    11 |    17 |       ||    43
       Shroud of Golubri |     1 |     3 |     4 |    33 |    37 |       ||    78
       Ozocubu's Armour  |     1 |     2 |    11 |    33 |    40 |       ||    87
       Spectral Weapon   |       |     2 |     3 |    12 |    36 |       ||    53
       Borgnjor's Vile C |       |       |       |       |     5 |       ||     5
       Mephitic Cloud    |       |       |       |       |     2 |       ||     2
       Fireball          |       |       |       |       |     1 |       ||     1
Invok: Bend Time         |       |       |       |     4 |       |       ||     4
       Slouch            |       |       |       |     2 |     8 |       ||    10
 Abil: Evoke Ratskin     |       |       |       |     1 |     2 |       ||     3
Evoke: Wand              |       |       |       |    10 |    10 |       ||    20
  Use: Scroll            |     1 |     4 |     3 |     4 |    10 |       ||    22
       Potion            |       |       |     5 |     6 |     3 |       ||    14
 Stab: Sleeping          |     3 |     3 |     4 |    11 |    16 |     2 ||    39
       Distracted        |       |       |     1 |     2 |    15 |     1 ||    19
  Eat: Chunk             |     2 |     8 |    13 |    15 |    23 |       ||    61
       Ration            |       |       |       |     2 |     1 |     1 ||     4
Armor: Leather armour    |    28 |    33 |   160 |   276 |   211 |    11 ||   719
       Ring mail         |       |       |       |       |    10 |       ||    10
Dodge: Dodged            |    79 |    89 |   325 |   793 |   943 |    66 ||  2295
Block: Shield            |       |       |       |       |   450 |       ||   450
       Rpst.: Falchion   |    24 |    26 |       |       |       |       ||    50

Table legend:
 A = Non-vault XP
 B = Vault XP
 C = Vault XP percentage of total XP
 D = Non-vault monster count
 E = Vault monster count
 F = Vault count percentage of total count
                 A         B        C        D         E       F
            +---------+---------+-------+---------+---------+-------
      Total |   83411 |   54055 |  39.3 |     574 |     239 |  29.4
            +---------+---------+-------+---------+---------+-------
        D:1 |      46 |       0 |   0.0 |      23 |       0 |   0.0
        D:2 |      36 |     243 |  87.1 |      11 |       2 |  15.4
        D:3 |     247 |       0 |   0.0 |      33 |       0 |   0.0
        D:4 |     185 |      96 |  34.2 |      15 |       9 |  37.5
        D:5 |     956 |     360 |  27.4 |      16 |       1 |   5.9
        D:6 |    1525 |     417 |  21.5 |      34 |       4 |  10.5
        D:7 |    1013 |     205 |  16.8 |      32 |      23 |  41.8
        D:8 |     164 |    5216 |  97.0 |      10 |      56 |  84.8
        D:9 |    3714 |       0 |   0.0 |      29 |       0 |   0.0
       D:10 |    2422 |     950 |  28.2 |      34 |       1 |   2.9
       D:11 |    6669 |    1197 |  15.2 |      46 |      20 |  30.3
       D:12 |    2364 |    3028 |  56.2 |      13 |      10 |  43.5
       D:13 |    7163 |       0 |   0.0 |      39 |       0 |   0.0
       D:14 |    4705 |    4899 |  51.0 |      17 |       6 |  26.1
       D:15 |   14459 |    5242 |  26.6 |      35 |       6 |  14.6
     Lair:1 |    4035 |    2999 |  42.6 |      11 |      11 |  50.0
     Lair:2 |    1189 |    5024 |  80.9 |       7 |      12 |  63.2
     Lair:3 |    6826 |    1123 |  14.1 |      25 |       4 |  13.8
     Lair:4 |    2745 |     336 |  10.9 |      14 |       1 |   6.7
     Lair:5 |    2801 |     540 |  16.2 |      10 |       1 |   9.1
     Lair:6 |    6973 |   12279 |  63.8 |      29 |      38 |  56.7
   Spider:1 |    4133 |    1734 |  29.6 |      14 |       1 |   6.7
      Orc:1 |    5413 |       0 |   0.0 |      41 |       0 |   0.0
      Orc:2 |    3628 |    8167 |  69.2 |      36 |      33 |  47.8
            +---------+---------+-------+---------+---------+-------
